 Dungeon Crawl Stone Soup version 0.29-a0-551-gffc1d7fb78 (webtiles) character file.

Game seed: 8638392706826043763

7 xian the Digger (level 1, 0/16 HPs)
             Began as a Troll Earth Elementalist on June 5, 2022.
             Slain by a gnoll
             ... wielding a +0 club
              (6 damage)
             ... on level 1 of the Dungeon.
             The game lasted 00:00:49 (120 turns).

xian the Digger (Troll Earth Elementalist)           Turns: 120, Time: 00:00:50

Health: 0/16       AC:  4    Str: 15    XL:     1   Next: 83%
Magic:  1/1        EV: 10    Int: 11    God:
Gold:   4          SH:  0    Dex: 10    Spells: 1/2 levels left

rFire   . . .      SeeInvis .   (no weapon)
rCold   . . .      Faith    .   (no shield)
rNeg    . . .      Spirit   .   b - +0 robe
rPois   .          Reflect  .   (helmet restricted)
rElec   .          Harm     .   (no cloak)
rCorr   .          Rampage  .   (gloves unavailable)
Will    .....                   (boots unavailable)
Stlth   +.........              (no amulet)
HPRegen 0.85/turn               (no ring)
MPRegen 0.07/turn               (no ring)

@: no status effects
A: large, unfitting armour, claws 3, regeneration 1, shaggy fur 1, tough skin 1
a: no special abilities


You were on level 1 of the Dungeon.
You visited 1 branch of the dungeon, and saw 1 of its levels.

You collected 4 gold pieces.

Inventory:

Missiles
 a - 29 stones
Armour
 b - a +0 robe (worn)
Potions
 c - a potion of magic
 f - a potion of heal wounds {unknown}


   Skills:
 + Level 0.1 Fighting
 + Level 1.8 Dodging
 + Level 1.0 Stealth
 + Level 1.4 Spellcasting
 + Level 0.6 Transmutations
 + Level 2.6 Earth Magic


You had one spell level left.
You knew the following spells:

 Your Spells              Type           Power      Damage    Failure   Level
a - Sandblast             Erth           12%        2d6       11%         1

Your spell library contained the following spells:

 Spells                   Type           Power      Damage    Failure   Level
 Passwall                 Tmut/Erth      3%         N/A       24%         2
 Stone Arrow              Conj/Erth      6%         3d7       47%         3
 Petrify                  Tmut/Erth      4%         N/A       83%         4


Dungeon Overview and Level Annotations

Branches:
Dungeon (1/15)

Altars:


Innate Abilities, Weirdness & Mutations

You are too large for most types of armour.
You have claws for hands.
Your natural rate of healing is unusually fast.
You are covered in fur. (AC +1)
You have tough skin. (AC +1)


Message History

You closely miss the hobgoblin. The ball python bites you.
The hobgoblin closely misses you.
You closely miss the hobgoblin.
The ball python bites you but does no damage.
The hobgoblin hits you but does no damage.
Unknown command.
You scratch the hobgoblin.
The hobgoblin is heavily wounded.
The ball python closely misses you. The ball python bites you.
The hobgoblin hits you.
You closely miss the hobgoblin.
The hobgoblin is heavily wounded.
The ball python barely misses you. The hobgoblin closely misses you.
The gnoll hits you with a +0 club!
* * * LOW HITPOINT WARNING * * *
Unknown command.
The gnoll hits you but does no damage.
You see here 16 gold pieces.
The ball python barely misses you. The ball python bites you.
* * * LOW HITPOINT WARNING * * *
The ball python attacks as you move away!
The ball python bites you.
* * * LOW HITPOINT WARNING * * *
The ball python barely misses you.
You barely miss the ball python. The ball python bites you.
You scratch the ball python.
You kill the ball python!
The hobgoblin barely misses you.
You scratch the hobgoblin.
The hobgoblin is almost dead.
The hobgoblin hits you. The gnoll barely misses you.
You scratch the hobgoblin.
You kill the hobgoblin!
The gnoll hits you with a +0 club.
Unknown command.
The gnoll barely misses you.
You claw the gnoll!
The gnoll is severely wounded.
The gnoll hits you with a +0 club.
You die...

#.............##
≈≈...#.##...........
≈≈≈##..####..###.#..
≈≈ . ≈≈ #...##...##
##.. ≈≈≈.. #..##..###
.###.#. ####..##.##
.......###........#
PPPP...#...##..#####.#
P.PPP....###..@......#
........#.....g...##.#
.P...P....######...#
.P.....$..# ...#
P.......#.# ...#
.PP.P....## ..##
.........# ..#
.###.#...# .## #......
##


You could see a gnoll.

Vanquished Creatures
  2 ball pythons (D:1)
  An endoplasm (D:1)
  A giant cockroach (D:1)
  A hobgoblin (D:1)
  A goblin (D:1)
6 creatures vanquished.

Notes
Turn   | Place    | Note
-------+----------+-------------------------------------------
     0 | D:1      | xian the Troll Earth Elementalist began the quest for the
                  | Orb.
     0 | D:1      | Reached XP level 1. HP: 16/16 MP: 1/1
   120 | D:1      | Slain by a gnoll

Illustrated notes

Levels and vault maps discovered:
D:1:      evilmike_arrival_fibonacci_small, layout_rooms,
          chequers_ecumenical_altar_island, serial_curves, eino_curves_02,
          eino_curves_02, eino_curves_03, minmay_misc_feat_plants,
          nicolae_grassy_gnolls

Action                   || total
-------------------------++-------
Melee: Unarmed           ||    15
 Cast: Sandblast         ||     1
  Use: Scroll            ||     2
Armor: Robe              ||     5
Dodge: Dodged            ||    11

Table legend: (Time is in decaauts)
 A = Elapsed time spent in this place.
 B = Non-inter-level travel time spent in this place.
 C = Inter-level travel time spent in this place.
 D = Time resting spent in this place.
 E = Time spent auto-exploring this place.
 F = Levels seen in this place.
 G = Mean time per level.
                   A        B        C        D        E       F      G
               +--------+--------+--------+--------+--------+-----+--------+
         Total |    120 |    120 |      0 |     10 |     43 |   1 |  120.0 |
       Dungeon |    120 |    120 |      0 |     10 |     43 |   1 |  120.0 |
               +--------+--------+--------+--------+--------+-----+--------+

Top non-repeatable levels by time:
     D:1: 120 daAuts
